Cogmind - Beta 13 @@@ ROGUE MODE // 2024.04.30 @ 17:17:35 // Winter2019/RPGLIKE Player: Red_Zig Result: Destroyed by 05-KBE(R) with Subdweller Laser Performance ------------- Evolutions (0) 0 Regions Visited (3) 600 Robots Destroyed (62) 310 Value Destroyed (1795) 1795 Prototype IDs (0) 0 Alien Tech Used (0) 0 Bonus (-135) -135 TOTAL SCORE: 2570 Bonus ------- High Alert Combat Kills 59 Friendly Fire -194 Cogmind --------- Core Integrity 0/700 Matter 211/300 Energy 93/100 System Corruption 0% Temperature Cool (12) Movement Core (50) Location -10/Subcaves Parts ------- > --- POWER (1) -------- Subdweller Power Source > --- PROPULSION (4) --- (None) > --- UTILITY (2) ------ Structural Scanner Subdweller Optics > --- WEAPON (4) ------- Subdweller Laser Beamcaster Battle Rifle Grenade Launcher > --- INVENTORY (1) ---- Subdweller Machine Gun Peak State ------------ > --- POWER ------------ Light Nuclear Core > --- PROPULSION ------- (None) > --- UTILITY ---------- Structural Scanner Subdweller Optics > --- WEAPON ----------- Beamcaster Subdweller Machine Gun Grenade Launcher Flamer > --- INVENTORY -------- Subdweller Machine Gun [Rating: 16] Favorites ----------- Power Light Ion Engine Engine Light Ion Engine Power Core Light Nuclear Core Propulsion Light Treads Treads Light Treads Hover Unit Combat Airjet Flight Unit Flight Unit Utility Tractor Beam Device Tractor Beam Weapon Light Assault Rifle Energy Gun Beamcaster Ballistic Gun Light Assault Rifle Launcher Grenade Launcher Special Weapon Flamer Build | -11 -10 -10 -10 ------- Run | Yrd Mat Min Sub Slots Evolved 7 | 2 . . 5 Power . | . . . . Propulsion 3 | . . . 3 Utility 1 | 1 . . . Weapon 3 | 1 . . 2 Parts Attached 23 | 9 5 . 9 Power 3 | 1 1 . 1 Engine 2 | 1 . . 1 Core 1 | . 1 . . Reactor . | . . . . Propulsion 5 | 3 2 . . Treads 2 | 2 . . . Leg . | . . . . Wheel . | . . . . Hover 1 | 1 . . . Flight 2 | . 2 . . Utility 4 | 2 1 . 1 Device 4 | 2 1 . 1 Storage . | . . . . Processor . | . . . . Hackware . | . . . . Protection . | . . . . Artifact . | . . . . Weapon 11 | 3 1 . 7 Energy Gun 3 | 1 . . 2 Energy Cannon . | . . . . Ballistic Gun 6 | 2 . . 4 Ballistic Cannon . | . . . . Launcher 1 | . 1 . . Special Weapon 1 | . . . 1 Impact Weapon . | . . . . Slashing Weapon . | . . . . Piercing Weapon . | . . . . Special Melee Weapon . | . . . . Unidentified Prototypes . | . . . . Parts Lost 4 | . 1 . 3 Power . | . . . . Propulsion 1 | . . . 1 Utility 2 | . 1 . 1 Weapon 1 | . . . 1 Highest Loss Streak 1 | . 1 . 1 To Critical Strikes . | . . . . Average Slot Usage (%) 91 | . 94 100 85 Engine 6 | . 7 . 6 Core 8 | . 8 16 5 Flight 11 | . 15 16 5 Device 25 | . 27 33 21 Energy Gun 5 | . . . 13 Ballistic Gun 18 | . 26 16 10 Launcher 10 | . 5 16 12 Special Weapon 2 | . . . 5 Naked Turns . | . . . . Heaviest Build 22 | 7 11 11 22 Greatest Support 24 | 18 19 19 24 Greatest Overweight (x) . | . . . . Average Overweight (x) . | . . . . Largest Inventory Capacity 1 | . . 1 1 Average Capacity . | . . . 1 Most Carried 1 | . . 1 1 Average Carried . | . . . . Final Capacity 1 | . . 1 1 Final Carried 1 | . . 1 1 Class Distribution -------------------- 61% | Mutant 22% | Scavenger-Mutant 8% | Scavenger-Gunner 7% | Derelict-Gunner Dominant Class ---------------- Scavenger-Mutant | -10/Materials Scavenger-Mutant | -10/Mines Scavenger-Gunner | -10/Subcaves Resources | -11 -10 -10 -10 ----------- Run | Yrd Mat Min Sub Matter Collected 2135 | 330 701 215 889 Remotely 1045 | 64 678 215 88 Salvage Created 1507 | 194 564 218 531 Parts 146 | 15 67 14 50 Haulers Intercepted 2 | . 2 . . Recyclers Shooed 2 | . 2 . . Parts Field Recycled . | . . . . Retrieved Matter . | . . . . Parts Self-Destructed 14 | . . . 14 Prevented . | . . . . Kills | -11 -10 -10 -10 ------- Run | Yrd Mat Min Sub Combat Hostiles Destroyed 41 | 3 11 6 21 Guns 21 | 3 10 . 8 Cannons 2 | . . . 2 AOE 18 | . 1 6 11 Classes Destroyed 13 | 3 7 . 3 Worker 4 | . 2 2 . Builder 5 | . 5 . . Tunneler 4 | 3 . 1 . Hauler 2 | . 2 . . Recycler 4 | 1 2 1 . Operator 2 | . 2 . . Watcher 3 | . 3 . . Swarmer 12 | . 6 . 6 Grunt 11 | . 5 6 . Artisan 3 | . . . 3 Cobbler 2 | . . . 2 Subdweller 15 | . . . 15 Assembled 3 | 3 . . . Best Kill Streak 4 | 3 4 4 4 Combat Bots Only 4 | 3 3 2 4 Max Kills in Single Turn 3 | 1 2 2 3 Gunslinging 1 | . 1 . . Exploded 3 | . 1 2 3 Melee . | . . . . Uniques/NPCs Destroyed . | . . . . Combat | -11 -10 -10 -10 -------- Run | Yrd Mat Min Sub Hostile Shots Fired 145 | 26 39 10 70 Missed 44 | 5 12 6 21 Damage Taken 2171 | 388 342 61 1380 Core 1775 | 309 279 51 1136 Absorbed by Shields . | . . . . Redirected to Core 1360 | 276 194 34 856 Core Remaining (%) 50 | 50 . . . Volleys Fired 317 | 23 128 42 124 Largest 3 | 2 2 1 3 Hottest 205 | 50 50 30 205 Shots Fired 460 | 43 205 42 170 Gun 296 | 43 155 11 87 Cannon . | . . . . Launcher 151 | . 50 31 70 Special 13 | . . . 13 Kinetic 243 | 40 155 11 37 Thermal 66 | 3 . . 63 Explosive 151 | . 50 31 70 Electromagnetic . | . . . . Robot Hit Streak 21 | 13 14 8 21 Robot Miss Streak 5 | 4 5 1 4 Penetration Max . | . . . . Secondary Targets 3 | 2 1 . . Max Gunslinging Chain 1 | 1 1 . . Shots Hit Robots 193 | 27 90 14 62 Core Hits 144 | 16 56 22 50 Critical Kills . | . . . . Critical Parts Destroyed 1 | . 1 . . Critical Strikes 5 | . 1 . 4 Burn 4 | . . . 4 Destroy 1 | . 1 . . Melee Attacks . | . . . . Impact . | . . . . Slashing . | . . . . Piercing . | . . . . Sneak Attacks . | . . . . Combat Hostiles . | . . . . Follow-up Attacks . | . . . . Damage Inflicted 4754 | 245 1313 857 2339 Guns 2041 | 245 745 77 974 Cannons . | . . . . Explosions 2613 | . 568 780 1265 Melee . | . . . . Ramming . | . . . . Kinetic 1449 | 233 745 77 394 Thermal 743 | 12 . 51 680 Explosive 2562 | . 568 729 1265 Electromagnetic . | . . . . Impact . | . . . . Slashing . | . . . . Piercing . | . . . . Highest Corruption . | . . . . Average Corruption . | . . . . Corruption Purged . | . . . . Corruption Blocked . | . . . . Overload Shots . | . . . . Overflow Damage 18 | . 9 9 . Projectiles . | . . . . Explosions 18 | . 9 9 . Melee . | . . . . Knockbacks . | . . . . Impact . | . . . . Kinetic . | . . . . Secondary . | . . . . Self-Inflicted Damage 168 | . 50 9 109 Shots 11 | . 4 1 6 Rammed 1 | 1 . . . Targets Rammed 1 | 1 . . . Kicked . | . . . . Crushed . | . . . . Highest Temperature 28 | . 28 13 4 Average Temperature 5 | . 5 4 2 Received Heat Transfer 324 | . 114 30 180 Siege Activations . | . . . . Robots Corrupted . | . . . . Combat Hostiles . | . . . . Parts Fried . | . . . . Impact Corruptions . | . . . . Robots Melted . | . . . . Combat Hostiles . | . . . . Parts Melted 1 | . . . 1 Heat Transferred 2189 | 37 . 50 2102 Parts Sabotaged . | . . . . Parts Stolen . | . . . . Parts Stripped . | . . . . Power Chain Reactions . | . . . . Alert | -11 -10 -10 -10 ------- Run | Yrd Mat Min Sub Peak Influence 1007 | 25 837 1007 . Initial 326 | . 16 326 . Average 115 | 1 207 706 . Maximum Alert Level 3 | . 3 3 . Low Security (%) 85 | 100 76 . . Level 1 2 | . 3 10 . Level 2 4 | . 10 25 . Level 3 7 | . 8 63 . Level 4 . | . . . . Level 5 . | . . . . High Security . | . . . . Max Security . | . . . . Squads Dispatched 2 | . 2 . . Investigation 1 | . 1 . . Extermination . | . . . . Reinforcement 1 | . 1 . . Assault . | . . . . Garrison . | . . . . Intercept . | . . . . Searches Triggered . | . . . . Construction Impeded . | . . . . Haulers Reinforced . | . . . . Active Scanning Responses . | . . . . Cargo Convoy Interrupts . | . . . . Stealth | -11 -10 -10 -10 --------- Run | Yrd Mat Min Sub Distress Signals . | . . . . Communications Jammed . | . . . . Distress Signals . | . . . . Times Spotted 60 | 3 28 5 24 Peak Tracking Total 5 | 3 5 2 5 Tactical Retreats 3 | . 2 . 1 Traps | -11 -10 -10 -10 ------- Run | Yrd Mat Min Sub Traps Triggered 4 | . . . 4 Indirectly . | . . . . Trap Hack Attempts . | . . . . Triggered . | . . . . Disarmed . | . . . . Reprogrammed . | . . . . Reused . | . . . . Traps Extracted . | . . . . Installed . | . . . . Triggered . | . . . . Machines | -11 -10 -10 -10 ---------- Run | Yrd Mat Min Sub Machines Disabled 55 | . 28 24 3 Max in Single Turn 7 | . 2 7 2 Machines Repaired . | . . . . Machines Dismantled . | . . . . Machines Sabotaged . | . . . . Overloaded Fab Kills . | . . . . Hacking | -11 -10 -10 -10 --------- Run | Yrd Mat Min Sub Machines Accessed 9 | . 9 . . Terminals 7 | . 7 . . Fabricators . | . . . . Repair Stations . | . . . . Recycling Units 2 | . 2 . . Scanalyzers . | . . . . Garrison Access . | . . . . Total Hacks 18 | . 18 . . Successful 6 | . 6 . . Failed 12 | . 12 . . Catastrophic . | . . . . Database Lockouts . | . . . . Manual 17 | . 17 . . Terminals 13 | . 13 . . Fabricators . | . . . . Repair Stations . | . . . . Recycling Units 5 | . 5 . . Scanalyzers . | . . . . Garrison Access . | . . . . Terminal Hacks 1 | . 1 . . Locate Traps 1 | . 1 . . Fabricator Hacks . | . . . . Repair Station Hacks . | . . . . Recycling Unit Hacks . | . . . . Scanalyzer . | . . . . Garrison Access Hacks . | . . . . Unauthorized Hacks 5 | . 5 . . Terminals 1 | . 1 . . Assimilate 1 | . 1 . . Fabricators . | . . . . Repair Stations . | . . . . Recycling Units 4 | . 4 . . Reject 2 | . 2 . . Recyclers 1 | . 1 . . Mask 1 | . 1 . . Scanalyzers . | . . . . Garrison Access . | . . . . Data Cores Recovered . | . . . . Used . | . . . . Hacking Detections 8 | . 8 . . Full Trace Events . | . . . . Feedback Events . | . . . . Feedback Blocked . | . . . . Robot Schematics Acquired . | . . . . Robots Built . | . . . . Authchips . | . . . . Time . | . . . . Total Robot Build Rating . | . . . . Part Schematics Acquired . | . . . . Parts Built . | . . . . Authchips . | . . . . Time . | . . . . Total Part Build Rating . | . . . . Parts Repaired . | . . . . Time . | . . . . Parts Recycled . | . . . . Recycled Matter . | . . . . Retrieved Matter . | . . . . Retrieved Components . | . . . . Parts Scanalyzed . | . . . . Part Schematics Acquired . | . . . . Parts Damaged . | . . . . Bothacking | -11 -10 -10 -10 ------------ Run | Yrd Mat Min Sub Used RIF Installer . | . . . . Robots Hacked . | . . . . Non-combat . | . . . . Combat . | . . . . Robot Hacks Applied . | . . . . Relay Couplers Released . | . . . . Fabnet Peak Effective % . | . . . . Robots Rewired . | . . . . Allies Hacked . | . . . . Hacks Repelled . | . . . . Allies | -11 -10 -10 -10 -------- Run | Yrd Mat Min Sub Total Allies 3 | . 1 2 . Largest Group 2 | . 1 2 2 Highest-Rated Group 46 | . 10 46 46 Highest-Rated Ally 31 | . 10 31 31 Total Orders . | . . . . Ally Attacks 5 | . . . 5 Total Damage 108 | . . . 108 Kills . | . . . . Allies Corrupted . | . . . . Allies Melted . | . . . . Intel | -11 -10 -10 -10 ------- Run | Yrd Mat Min Sub Robot Analysis Total . | . . . . Derelict Logs Recovered 2 | . . 1 1 Drone Launches . | . . . . Drone Recoveries . | . . . . Exploration | -11 -10 -10 -10 ------------- Run | Yrd Mat Min Sub Turns Passed 7083 | 3566 1579 446 1492 Spaces Moved 5293 | 1071 1586 548 2088 Core 2419 | 1071 95 . 1253 Treads . | . . . . Legs . | . . . . Wheels . | . . . . Hover . | . . . . Flight 2874 | . 1491 548 835 Fastest Speed 40 | 50 40 40 40 Average Speed 44 | 50 40 40 46 Slowest Speed 50 | 50 50 40 50 Overloaded Moves . | . . . . Propulsion Burnouts . | . . . . Robots Hopped 2 | . 2 . . Cave-ins Triggered . | . . . . Exploration Rate (%) 92 | 91 99 95 85 Regions Visited 3 Branch Regions 2 Pre-discovered Areas 3 | . . 1 2 Known Exits Taken . | . . . . Unknown Exits Taken 3 | 1 1 1 . Scrap Searched 8 | . . 1 7 Spaces Dug 53 | . 28 4 21 Terrain Destroyed 878 | . 358 173 347 Melee . | . . . . Projectile 1 | . . . 1 AOE 877 | . 358 173 346 Terrain Rammed . | . . . . Walls Destroyed . | . . . . Machines Disabled . | . . . . Actions | -11 -10 -10 -10 --------- Run | Yrd Mat Min Sub Total 9591 | 4062 2344 734 2451 Wait 3899 | 2955 608 138 198 Move 5286 | 1070 1581 547 2088 Hop 2 | . 2 . . Pick Up 2 | . . 1 1 Fast Attach 18 | 9 3 . 6 Attach 1 | . . . 1 Detach . | . . . . Swap 4 | . 2 . 2 Drop 12 | 3 4 . 5 Fire 317 | 23 128 42 124 Melee . | . . . . Ram 1 | 1 . . . Kick . | . . . . Crush . | . . . . Escape Stasis . | . . . . Rewire . | . . . . Trap . | . . . . Miscellaneous 49 | 1 16 6 26 Route ------- -11/Scrapyard -10/Materials (discovered 6 exits: [*Mat x3] / [*Min x2] / Sub) -10/Mines (discovered 3 exits: [*Mat x2] / *Sub) -10/Subcaves (discovered 1 exit: [*Mat]) History --------- Turn | Location | Event 4 | -11/Scrapyard | Discovered new exit (range 15) 189 | -11/Scrapyard | Upgraded with Utility slot (x1) 189 | -11/Scrapyard | Upgraded with Weapon slot (x1) 3429 | -11/Scrapyard | Assembled infested the area 3512 | -11/Scrapyard | Core integrity fell below 50% 3567 | -11/Scrapyard | Entered Materials 3568 | -10/Materials | Build established: Mutant 3611 | -10/Materials | Discovered new exit (range 16) 3742 | -10/Materials | Discovered new exit (range 11) 4338 | -10/Materials | Discovered new exit (range 4) 4394 | -10/Materials | Discovered new exit (range 9) 4526 | -10/Materials | Discovered new exit (range 11) 4526 | -10/Materials | Discovered new exit (range 8) 4631 | -10/Materials | Build established: Scavenger-Mutant 4750 | -10/Materials | Reached level 2 4973 | -10/Materials | Reached level 3 5146 | -10/Materials | Entered Mines 5157 | -10/Mines | Learned location of Storage (-7) 5281 | -10/Mines | Reached level 4 5303 | -10/Mines | Discovered new exit (range 14) 5432 | -10/Mines | Reached level 5 5443 | -10/Mines | Discovered new exit (range 11) 5478 | -10/Mines | Discovered new exit (range 10) 5489 | -10/Mines | Met a Derelict testing a Signal Generator 5494 | -10/Mines | Found Signal Generator 5592 | -10/Mines | Entered Subcaves 5592 | -10/Subcaves | Accompanied by 2 allies 5595 | -10/Subcaves | Shifting Twisted Machinery released Battle Rifle 5595 | -10/Subcaves | Discovered new exit (range 7) 5597 | -10/Subcaves | Led the pair of lost Derelicts to an unsafe place 5604 | -10/Subcaves | Shifting Twisted Machinery released Flamer 5691 | -10/Subcaves | Ambushed by Subdweller buried in earth 5708 | -10/Subcaves | Learned location of Zion (-6) 5868 | -10/Subcaves | Ambushed by Subdweller buried in earth 5890 | -10/Subcaves | Upgraded with Weapon slot (x2) 6019 | -10/Subcaves | Ambushed by angry Subdweller bent on revenge 6042 | -10/Subcaves | Met a Zionite searching for "candidates" 6185 | -10/Subcaves | Disturbed a concealed Subdweller 6193 | -10/Subcaves | Disturbed a concealed Subdweller 6206 | -10/Subcaves | Core integrity fell below 20% 6243 | -10/Subcaves | Build established: Scavenger-Gunner 6259 | -10/Subcaves | Visited 4L-MR0's lab 6294 | -10/Subcaves | Shifting Twisted Machinery released Battle Cannon 6315 | -10/Subcaves | Shifting Twisted Machinery released Sub. Beam Cannon 6366 | -10/Subcaves | Ambushed by Subdweller buried in earth 6821 | -10/Subcaves | Build established: Derelict-Gunner 6882 | -10/Subcaves | Ambushed by Subdwellers from Twisted Machinery 6979 | -10/Subcaves | Disturbed a concealed Subdweller 7037 | -10/Subcaves | Reached level 6 7057 | -10/Subcaves | Upgraded with Propulsion slot (x3) 7084 | -10/Subcaves | Destroyed by 05-KBE(R) with Subdweller Laser Last Messages --------------- 06914_ Acquired 57 matter. 06920_ Used Protomatter to restore core integrity (+84, depleted) 06942_ The unstable cave ceiling collapses. 06979_ ET-AUQ(R) angrily emerges from the Twisted Machinery. 06984_ Sub. Optics shoots sparks and powers down. 07037_ Reached level 6. 07037_ S-10 Pest destroyed. 07047_ The unstable cave ceiling collapses. 07050_ S-10 Pest destroyed. 07054_ Flight Unit fries itself beyond repair. 07056_ Lgt. Assault Rifle fries itself beyond repair. 07056_ Used Protomatter to restore core integrity (+27, depleted) 07057_ Upgraded: Propulsion Slot (+3) 07083_ 05-KBE(R): "FREEEEDUMB!" Map ----- +----------------------------------------------------+ | | | | | | | | | ?????????????????????????????????????????????????? | | ?????????????????????????????????????????????????? | | ?????????????????????????????????????????????????? | | ?????????????????????????????????????????????????? | | ?????????????????????????????????????????????????? | | ?????????????????????????????????????????????????? | | ?????????????????????????????????????????????????? | | ?????????????????????????????????????????????????? | | ??????????????????????????????????????####???????? | | ??????????????????????????????????????####???????? | | ??????????????????????????????????????##" ?????? | | ??????????????????????????????????????##&## ????? | | ??????????????????????????????????????## #####??? | | ?????????#####??????????????#####?????### "####### | | ####?????#############??????############# ## ##### | | #######?### ###########?????## #########" " ### # | | ######### #### ######?### ## ### ### | | ##### #### ######### ## ### # | | ### ### ##### ### ## # | | ### ## ## # | | ### ###### ## ###### | | ## ## ###### @ ######## | | # ## #### ## ####??### ## | | ## # ## ###????## ### | | ### ##?????####### | | ##### ##?????####### | | # ######## ###??????????## | | #########?##### R ####??????????## | | ########????#### R ##????????????# | | ####?????????????# ##????????????? | | ###?????????????## ##????????????? | | ##??????????????#########????????????? | | ##??????????????#########????????????? | | ###???????????????????????????????????? | | ###???????????????????????????????????? | | ##???????????????????????????????????? | | ##???????????????????????????????????? | | ## ###???????????????????????????????????? | | #######???????????????????????????????????? | | #####????????????????????????????????????? | | ## ##???????????????????????????????????????? | | ## ###???????????????????????????????????????? | | ## #####???????????????????????????????????????? | | ## ####????????????????????????????????????????? | | ## ##??????????????????????????????????????????? | | ?? #??????????????????????????????????????????? | +----------------------------------------------------+ Best States ------------- Heat Dissipation 43 Energy Generation 15 Energy Capacity 200 Matter Stores 300 Matter Capacity 300 Sight Range 22 Robot Scan Range 6 Terrain Scan Range 16 Terrain Scan Density 210 Evasion (%) 62 Item Schematics ----------------- None Robot Schematics ------------------ None Fabricated ------------ Nothing Alien Tech Used ----------------- None Achievements -------------- Omniscient Cartographer Challenges ------------ None RPGLIKE | -11 -10 -10 -10 --------- Run | Yrd Mat Min Sub Levels Raised 5 | . 2 2 1 XP Earned 10647 | 3000 3645 2917 1085 XP Spent 10285 | 2975 . 250 7060 Upgrades 25 | 8 . 1 16 Propulsion Slot 3 | . . . 3 Utility Slot 1 | 1 . . . Weapon Slot 3 | 1 . . 2 Core Integrity 2 | . . . 2 Heat Dissipation 3 | . . . 3 Mass Support 4 | 3 . . 1 Inventory Capacity 1 | . . 1 . Sight Range 1 | . . . 1 Sensor Range 3 | 2 . . 1 Terrain Scan Density 2 | 1 . . 1 Ranged Accuracy 1 | . . . 1 EX Damage % 1 | . . . 1 Protomatter Created 360 | 3 162 38 157 Integrity Restored 1068 | 9 369 114 576 Core 1068 | 9 369 114 576 Protomatter Decayed 92 | . 39 . 53 Game ------ Seed BiocellVariableMicrothruster Manual? 0 Play Time 01:04:27 Cumulative 57.9 hours Start 2024.04.30 @ 16:08:59 End 2024.04.30 @ 17:17:35 Sessions 1 Manual Loads 0 Difficulty Rogue Special Mode Winter2019/RPGLIKE Game No. 54 Rogue 42 Adventurer 12 Explorer 0 Win Type - Total 1 Types 1/0/0/0/0/0/0/0/0 Lore% 25 Gallery% 42 Achievement% 34 Wizard Run 0 Options --------- Layout 2 ASCII 0 Keyboard 0 Movement Mouse Keybinds 0 Fullscreen 1 Font 24/Smallcaps Map View 50x44 Zoom Use 10% Tactical HUD 1 Map Filters NONE Filters NONE Steam 1 RUN: e3be39bf-e75b-4755-a980-f11c7718de24